 Dungeon Crawl Stone Soup version 0.30-a0-4-ga7cffc901d (webtiles) character file.

Game seed: 767881218930326361

32 slphil the Stinger (level 3, 0/21 HPs)
             Began as an Octopode Venom Mage on Aug 21, 2022.
             Slain by a ball python (2 damage)
             ... on level 1 of the Dungeon.
             The game lasted 00:03:32 (1091 turns).

slphil the Stinger (Octopode Venom Mage)            Turns: 1091, Time: 00:03:33

Health: 0/21       AC:  1    Str:  7    XL:     3   Next: 27%
Magic:  6/6        EV: 10    Int: 19    God:
Gold:   20         SH:  0    Dex: 12    Spells: 5/6 levels left

rFire   . . .      SeeInvis .    e - +2 short sword (freeze)
rCold   . . .      Faith    .    (no shield)
rNeg    . . .      Spirit   .    (helmet restricted)
rPois   .          Reflect  .    (no amulet)
rElec   .          Harm     .    (no ring)
rCorr   .          Rampage  .    (no ring)
Will    .....                    (no ring)
Stlth   +++.......               (no ring)
HPRegen 0.07/turn                (no ring)
MPRegen 0.10/turn                (no ring)
                                 (no ring)
                                 (no ring)

@: constricted
A: almost no armour, amphibious, 8 rings, camouflage 1, gelatinous body 1,
(nimble swimmer 1), tentacles
a: no special abilities


You were on level 1 of the Dungeon.
You visited 1 branch of the dungeon, and saw 1 of its levels.

You collected 20 gold pieces.

Inventory:

Hand Weapons
 d - a +0 short sword of freezing
 e - a +2 short sword of freezing (weapon)
Jewellery
 f - an amulet of guardian spirit


   Skills:
 - Level 2.0 Dodging
 - Level 2.6 Stealth
 + Level 2.3 Spellcasting
 + Level 1.7 Transmutations
 * Level 4.4 Poison Magic


You had 5 spell levels left.
You knew the following spells:

 Your Spells              Type           Power      Damage    Failure   Level
a - Sting                 Tmut/Pois      56%        1d5       4%          1

Your spell library contained the following spells:

 Spells                   Type           Power      Damage    Failure   Level
 Poisonous Vapours        Pois/Air       20%        N/A       10%         2
 Mephitic Cloud           Conj/Pois/Air  7%         N/A       26%         3
 Olgreb's Toxic Radiance  Pois           19%        N/A       26%         4
 Gell's Gravitas          Tloc           2%         N/A       43%         3
 Lesser Beckoning         Tloc           2%         N/A       43%         3
 Teleport Other           Tloc           2%         N/A       43%         3


Dungeon Overview and Level Annotations

Branches:
Dungeon (1/15)

Altars:


Innate Abilities, Weirdness & Mutations

You cannot wear most types of armour.
You are amphibious.
You can wear up to eight rings at the same time.
Your skin changes colour to match your surroundings (Stealth+).
Your rubbery body absorbs attacks. (AC +1, EV +1)
((You are camouflaged when in or above water. (Stealth+)))
You have tentacles for arms and can constrict up to eight enemies at once.


Message History

Unknown command.
The kobold attacks as you move away!
The kobold hits you with a +0 short sword.
Found 2 poisoned darts and a long sword.
The kobold attacks as you move away! The kobold barely misses you.
The kobold attacks as you move away!
The kobold hits you with a +0 short sword.
Found a stone staircase leading down.
The kobold barely misses you.
As you read the scroll labelled CUIROTHATWI, it crumbles to dust.
The scroll dissolves into smoke.
It was a scroll of fog.
The kobold misses you. The kobold completely misses you.
The ball python barely misses you. x2
As you read the scroll labelled KAFUIQIOKH, it crumbles to dust.
It is a scroll of brand weapon.
Your +0 short sword of protection is covered with a thin layer of ice!
d - a +0 short sword of freezing The kobold hits you with a +0 dagger.
The kobold misses you. The ball python bites you.
The ball python barely misses you.
Unknown command.
As you read the scroll labelled CIGRUA NOWYRR, it crumbles to dust.
You hear a loud clanging noise!
It was a scroll of noise.
You hear an angry hiss.
You hear a shout!
The ball python barely misses you. The ball python closely misses you.
The kobold barely misses you. x2; The ball python misses you.
The ball python grabs you. The ball python constricts you.
Magic courses through your body. The endoplasm freezes you.
You are frozen.
* * * LOW HITPOINT WARNING * * *
The kobold closely misses you. The kobold barely misses you.
The ball python barely misses you. The ball python constricts you.
* * * LOW HITPOINT WARNING * * *
You hit the endoplasm. You freeze the endoplasm.
The endoplasm is heavily wounded.
The kobold hits you with a +0 short sword.
* * * LOW HITPOINT WARNING * * *
The endoplasm closely misses you. The kobold barely misses you.
The ball python bites you.
You die...

.............##.###......#
.............>...........#
................##..#...♣♣
(..............###.##†##~.
.....?........###..##.##♣.
............^.....#...###.
.......§§§§§...####.##.#♣.
.....w§wKSJ§..## #.#.##..
#......SK@§§..# #.#.#.#.
######.§####### #...##..
.....§ #####..#.♣#.
........ #......##♣#.
.>....... #......# #.
........) #......# #.
########## #......# ♣≈
######.# #♣ #.#####


You could see a dart slug, an endoplasm, 2 ball pythons and 2 kobolds.

Vanquished Creatures
  A gnoll (D:1)
  A dart slug (D:1)
  3 endoplasms (D:1)
  2 goblins (D:1)
  2 hobgoblins (D:1)
  2 jackals (D:1)
  4 kobolds (D:1)
  A ball python (D:1)
  3 bats (D:1)
19 creatures vanquished.

Notes
Turn   | Place    | Note
-------+----------+-------------------------------------------
     0 | D:1      | slphil the Octopode Venom Mage began the quest for the Orb.
     0 | D:1      | Reached XP level 1. HP: 11/11 MP: 3/3
   323 | D:1      | Reached skill level 4 in Poison Magic
   323 | D:1      | Reached XP level 2. HP: 17/17 MP: 0/5
   819 | D:1      | Reached XP level 3. HP: 14/21 MP: 4/6
  1027 | D:1      | Found a faded altar of an unknown god.
  1091 | D:1      | Slain by a ball python

Illustrated notes

Levels and vault maps discovered:
D:1:      saegor_arrival_under_anarchy, layout_rooms,
          ebering_ecumenical_altar_ruins

Skill      XL: |  1 |
---------------+----+-----
Poison Magic   | 4 |  4.4
Dodging        | |  2.0
Stealth        | |  2.6
Spellcasting   | |  2.3
Transmutations | |  1.7

Action                   || total
-------------------------++-------
Melee: Unarmed           ||    22
       Tentacles         ||     8
       Constrict         ||     8
       Short sword       ||     5
 Cast: Sting             ||    28
  Use: Scroll            ||     3
       Potion            ||     1
 Stab: Sleeping          ||     1
Armor: Skin              ||     1
Dodge: Dodged            ||    46

Table legend: (Time is in decaauts)
 A = Elapsed time spent in this place.
 B = Non-inter-level travel time spent in this place.
 C = Inter-level travel time spent in this place.
 D = Time resting spent in this place.
 E = Time spent auto-exploring this place.
 F = Levels seen in this place.
 G = Mean time per level.
                   A        B        C        D        E       F      G
               +--------+--------+--------+--------+--------+-----+--------+
         Total |   1090 |   1090 |      0 |    647 |    233 |   1 | 1090.0 |
       Dungeon |   1090 |   1090 |      0 |    647 |    233 |   1 | 1090.0 |
               +--------+--------+--------+--------+--------+-----+--------+

Top non-repeatable levels by time:
     D:1: 1090 daAuts
